 Dungeon Crawl Stone Soup version 0.26-a0-1205-g4083c211ab (webtiles) character file.

Game seed: 16876462429991320187

4 CurlyBrace the Sneak (level 1, 0/10 HPs)
             Began as a Felid Delver on Dec 29, 2020.
             Slain by an iguana (9 damage)
             ... on level 5 of the Dungeon.
             The game lasted 00:00:18 (29 turns).

CurlyBrace the Sneak (Felid Delver)                   Turns: 29, Time: 00:00:18

Health: 0/10       AC:  1    Str:  8    XL:     1   Next: 58%
Magic:  2/2        EV: 18    Int: 11    God:
Gold:   0          SH:  0    Dex: 17    Spells: 0/0 levels left
                                        Lives:  0   Deaths: 0

rFire    . . .     SeeInvis +     - Unarmed
rCold    . . .     Faith    .   (shield unavailable)
rNeg     . . .     Spirit   .   (armour unavailable)
rPois    .         Reflect  .   (helmet unavailable)
rElec    .         Harm     .   (cloak unavailable)
rCorr    .         Rampage  .   (gloves unavailable)
Will     .....                  (boots unavailable)
Stlth    ++++......             (no amulet)
HPRegen  0.03/turn              (no ring)
MPRegen  0.08/turn              (no ring)

@: quick
A: very small, no armour, no weapons or thrown items, stealth, claws 1, fangs 3,
see invisible, speed 1, shaggy fur 1, sharp paws
a: no special abilities


You were on level 5 of the Dungeon.
You visited 1 branch of the dungeon, and saw 2 of its levels.

Inventory:

Wands
 v - a wand of digging (3)
Scrolls
 a - a scroll of fog
 c - a scroll of fear
 d - a scroll of identify {unknown}
Potions
 e - a potion of curing {unknown}
 h - a potion of haste


   Skills:
 - Level 3.0 Fighting
 + Level 2.8 Dodging
 + Level 6.7 Stealth
 * Level 2.2 Unarmed Combat


You couldn't memorise any spells.
You didn't know any spells.
Your spell library was empty.

Dungeon Overview and Level Annotations

Branches:
Dungeon (6/15)             Temple (0/1) D:5

Altars:
Okawaru


Innate Abilities, Weirdness & Mutations

You cannot wear armour.
You are incapable of wielding weapons or throwing items.
Your paws allow you to move quietly. (Stealth)
You have sharp claws.
You have razor-sharp teeth.
You have supernaturally acute eyesight. (SInv)
You cover ground quickly.
You are covered in fur. (AC +1)
Your sharp claws are effective at attacking unaware monsters.


Message History

An iguana comes into view.
Found a leather armour.
An ooze comes into view.
Found a short sword and a quarterstaff.
Found a hand axe.
The iguana hisses angrily.
Found a falchion.
The iguana bites you.
Found an iron altar of Okawaru.
You scratch the iguana.
The iguana is lightly wounded.
The iguana completely misses you. The iguana closely misses you.
Found a polished spear and a mace.
The helpless ooze fails to defend itself.
You mangle the ooze!!
You kill the ooze!
The iguana bites you!
Ouch! That really hurt!
You die...

*,,,,*,,....)..........#,,**,,
*,,,,+,,...............###**,,
*******,*,,,...).............,*,,
,,,*********+*#........#......*,,
,,,,,,,,,,,,,,#.......###...[.*+*
,,,,,,,,,,,,,,#...............,,,
,,,,,,,,,,,,,,#.....#.).).#...,,,
,,,,,,,,,,,,,,#..l.##.._..##.,,,,
*+**,***+****+#.@...#.).).#,,,,,,
,,**,***,***,,#.............,,,,,
,,,,,,,,,,,,,.........###...,,***
,,,,,,,,,,,....≈.......#,..,,,*
,,**+***,#....≈..........,,,,,*
****,***,#≈...........#..******
,,,,,,,,,#............#+**
,,,,,,,,,#....#.....[.#,,*
****,**,,******,,,,,,,*,,*


You could see an iguana.

Vanquished Creatures
  An ooze (D:5)
1 creature vanquished.

Notes
Turn   | Place    | Note
-------+----------+-------------------------------------------
     0 | D:5      | CurlyBrace the Felid Delver began the quest for the Orb.
     0 | D:5      | Reached XP level 1. HP: 10/10 MP: 2/2
    16 | D:5      | Noticed an iguana
    21 | D:5      | Found an iron altar of Okawaru.
    29 | D:5      | Slain by an iguana

Illustrated notes

Levels and vault maps discovered:
D:5:      layout_gridville, regret_index_temple_of_mockery,
          minmay_temple_entry_junction, chequers_serial_rivers_micro_c,
          okawaru_ov_weapons_minmay
D:6:      layout_basic, fedhas_altar_decomposition,
          eat_drink_and_be_merry_uskayaw, gammafunk_ghost_icy, uniq_sigmund

Action                   || total
-------------------------++-------
Melee: Unarmed           ||     2
  Use: Scroll            ||     1
 Stab: Sleeping          ||     1
Dodge: Dodged            ||     2

Table legend: (Time is in decaauts)
 A = Elapsed time spent in this place.
 B = Non-inter-level travel time spent in this place.
 C = Inter-level travel time spent in this place.
 D = Time resting spent in this place.
 E = Time spent auto-exploring this place.
 F = Levels seen in this place.
 G = Mean time per level.
                   A        B        C        D        E       F      G
               +--------+--------+--------+--------+--------+-----+--------+
         Total |     25 |     25 |      0 |      0 |      0 |   2 |   12.5 |
       Dungeon |     25 |     25 |      0 |      0 |      0 |   2 |   12.5 |
               +--------+--------+--------+--------+--------+-----+--------+

Top non-repeatable levels by time:
     D:5: 19 daAuts
     D:6: 5 daAuts
